 Dungeon Crawl Stone Soup version 0.30-a0-986-g7f2e898f52 (webtiles) character file.

Game seed: 14571805050042476949

102 HoaS the Shooter (level 5, 0/38 HPs)
             Began as a Formicid Hunter on Apr 1, 2023.
             Slain by Natasha (7 damage)
             ... on level 3 of the Dungeon.
             The game lasted 00:03:57 (1517 turns).

HoaS the Shooter (Formicid Hunter)                  Turns: 1517, Time: 00:03:58

Health: 0/38       AC:  4    Str: 15    XL:     5   Next: 6%
Magic:  5/5        EV: 12    Int:  9    God:
Gold:   138        SH:  0    Dex: 25    Spells: 4/4 levels left

rFire   . . .      SeeInvis +    a - +0 shortbow
rCold   . . .      Faith    .    (no shield)
rNeg    . . .      Spirit   .    c - +0 leather armour
rPois   .          Reflect  .    (helmet unavailable)
rElec   .          Rampage  .    g - +0 cloak
rCorr   .                        (no gloves)
Will    +....                    (no boots)
Stlth   ++                       (no amulet)
HPRegen 0.26/turn                f - ring of willpower
MPRegen 0.09/turn                k - +6 ring of dexterity

@: no status effects
A: permanent stasis, dig shafts and tunnels, antennae 3, four strong arms
a: Dig, Shaft Self


You were on level 3 of the Dungeon.
You visited 1 branch of the dungeon, and saw 3 of its levels.

You collected 138 gold pieces.

Inventory:

Hand Weapons
 a - a +0 shortbow (weapon)
Armour
 c - a +0 leather armour (worn)
 g - a +0 cloak (worn)
Jewellery
 f - a ring of willpower (left hand)
 k - a +6 ring of dexterity (right hand)
Scrolls
 b - a scroll of immolation
Potions
 d - a potion of ambrosia
 e - a potion of resistance {unknown}
 h - a potion of attraction
 i - a potion of heal wounds {unknown}
 j - a potion of brilliance {unknown}
 l - a potion of curing {unknown}


   Skills:
 - Level 2.1 Fighting
 + Level 6.0 Ranged Weapons
 - Level 1.7 Dodging
 - Level 1.2 Stealth


You had 4 spell levels left.
You didn't know any spells.
Your spell library contained the following spells:

 Spells                   Type           Power      Damage    Failure   Level
 Cause Fear               Hex            0%         N/A       99%         4
 Dragon Form              Tmut           0%         N/A       100%        7
 Dragon's Call            Summ           0%         N/A       100%        9


Dungeon Overview and Level Annotations

Branches:
Dungeon (3/15)

Altars:

Shops:
D:2 (

Annotations:
D:3 Natasha


Innate Abilities, Weirdness & Mutations

You cannot be hasted, slowed, berserked, paralysed or teleported.
You can dig through walls and to a lower floor.
You have a pair of large antennae on your head. (SInv)
Your four strong arms can wield two-handed weapons with a shield.


Message History

You kill the endoplasm!
No target in view!
You sense a monster nearby.
Natasha, Servant of Life and Death comes into view.
Natasha hisses angrily.
Natasha mumbles some strange words.
The white imp shouts, "Out, out, thou qualling ruttish Cock-Lorel!"
You shoot an arrow. The arrow completely misses Natasha.
Natasha closely misses you. Natasha claws you.
You shoot an arrow. The arrow barely misses Natasha.
The arrow completely misses the white imp.
Natasha barely misses you.
You shoot an arrow.
The arrow hits Natasha but does no damage.
The white imp misses you. Natasha barely misses you.
You shoot an arrow.
The arrow hits Natasha but does no damage.
The white imp hits you. The white imp freezes you.
Natasha claws you but does no damage.
You shoot an arrow. The arrow hits Natasha.
Natasha is moderately wounded.
The white imp hits you. The white imp freezes you. Natasha barely misses you.
The white imp barely misses you.
You shoot an arrow. The arrow hits Natasha.
Natasha is moderately wounded.
Natasha casts a spell.
The white imp completely misses you. Natasha misses you.
You shoot an arrow. The arrow barely misses Natasha.
The white imp barely misses you. Natasha claws you.
You shoot an arrow. The arrow closely misses Natasha.
The arrow hits the crimson imp.
The crimson imp is lightly wounded.
The white imp hits you. The white imp freezes you. Natasha closely misses you.
You shoot an arrow. The arrow hits Natasha!
Natasha is severely wounded.
The white imp gestures at you. The puff of frost hits you!
The crimson imp hits you.
* * * LOW HITPOINT WARNING * * *
Natasha claws you!
You die...

.. #..## .##
#..# .. ##..#
#.# #..##
#..###..# #.
#.#....##...
#...#.......#
##..#5....###
#...@h.####
........5......
#..........###.#
.............
..#######.####
.. .. ... ...


You could see Natasha, a crimson imp (summoned) and a white imp (summoned).

Vanquished Creatures
  Natasha (D:3)
  2 adders
  2 dart slugs
  4 ball pythons
  A bat (D:2)
  2 endoplasms (D:3)
  4 giant cockroaches (D:1)
  4 goblins
  5 hobgoblins
  3 jackals (D:2)
  A quokka (D:2)
  3 frilled lizards
  5 kobolds
  21 rats (D:2)
58 creatures vanquished.

Notes
Turn   | Place    | Note
-------+----------+-------------------------------------------
     0 | D:1      | HoaS the Formicid Hunter began the quest for the Orb.
     0 | D:1      | Reached XP level 1. HP: 16/16 MP: 1/1
   180 | D:1      | Reached XP level 2. HP: 22/22 MP: 2/2
   728 | D:2      | Reached XP level 3. HP: 27/27 MP: 3/3
   917 | D:2      | Reached skill level 5 in Ranged Weapons
   942 | D:2      | Found Kakh's Antique Weapon Boutique.
  1103 | D:2      | Reached XP level 4. HP: 33/33 MP: 4/4
  1442 | D:3      | Noticed Natasha
  1446 | D:3      | Killed Natasha
  1447 | D:3      | Reached XP level 5. HP: 38/38 MP: 5/5
  1482 | D:3      | Reached skill level 6 in Ranged Weapons
  1506 | D:3      | Noticed Natasha
  1517 | D:3      | Slain by Natasha

Illustrated notes

Levels and vault maps discovered:
D:1:      amcnicky_arrival_double_pillar, layout_loops_ring
D:2:      layout_loops_cross, serial_shops, nicolae_shop_advertising_works
          [nicolae_subvault_shop_adworks], minmay_rat_hole
D:3:      layout_rooms, hellmonk_okawaru_the_only_friend_you_need,
          skrybe_limestone_x, minmay_snake_closets, uniq_natasha

Skill      XL: |  1  2  3  4  5 |
---------------+----------------+-----
Ranged Weapons | 5 6 |  6.0
Fighting       | |  2.1
Dodging        | |  1.7
Stealth        | |  1.2

Action                     |  1- 3 |  4- 6 || total
---------------------------+-------+-------++-------
   Fire: Shortbow          |   104 |    45 ||   149
Ability: Dig               |     1 |       ||     1
    Use: Scroll            |     5 |     3 ||     8
 Armour: Leather armour    |    13 |     7 ||    20
  Dodge: Dodged            |    21 |    22 ||    43

Table legend: (Time is in decaauts)
 A = Elapsed time spent in this place.
 B = Non-inter-level travel time spent in this place.
 C = Inter-level travel time spent in this place.
 D = Time resting spent in this place.
 E = Time spent auto-exploring this place.
 F = Levels seen in this place.
 G = Mean time per level.
                   A        B        C        D        E       F      G
               +--------+--------+--------+--------+--------+-----+--------+
         Total |   1559 |   1505 |     54 |     89 |   1079 |   3 |  519.7 |
       Dungeon |   1559 |   1505 |     54 |     89 |   1079 |   3 |  519.7 |
               +--------+--------+--------+--------+--------+-----+--------+

Top non-repeatable levels by time:
     D:2: 789 daAuts
     D:1: 650 daAuts
     D:3: 119 daAuts
